HSSL
OVERLAND PARK HS TRIPLETS @ NEWPORT NEWS HS PAINTS
05/11/2029
 
TOP OF THE 1ST
Overland Park HS Triplets batting - Pitching for Newport News HS Paints : RHP Juan Flores
Pitching: RHP Juan Flores
Batting: LHB Esteban Pérez 0-0: Ball
1-0: Ball
2-0: Ball
3-0: Called Strike
3-1: Foul Ball, location: 2F
3-2: Base on Balls
Batting: LHB José Mendoza 0-0: Ball
1-0: Ground out 4-3 (Groundball, 34)
Esteban Pérez to second
Batting: RHB Emery Cooper 0-0: Foul Ball, location: 2F
0-1: Foul Ball, location: 2F
0-2: Ball
1-2: Ball
2-2: Foul Ball, location: 2F
2-2: SINGLE (Line Drive, 56D)
Esteban Pérez to third
Batting: RHB Alex Moran 0-0: Ball
1-0: Foul Ball, location: 2F
1-1: Ball
2-1: Ball
3-1: SINGLE (Line Drive, 56D)
Esteban Pérez scores
Emery Cooper to second
Batting: RHB Pablo Quintanilla 0-0: Called Strike
0-1: Ball
1-1: Foul Ball, location: 2F
1-2: Ball
2-2: Ball
3-2: Fly out, F9 (Flyball, 9LD)
Runner from 2nd tags up, SAFE at 3rd, no throw
Batting: RHB Eddie Stanton 0-0: Ball
1-0: Called Strike
1-1: Ball
2-1: Called Strike
2-2: Fielders Choice at 2nd, 6-4 (Groundball, 6)
Top of the 1st over - 1 run, 2 hits, 0 errors, 2 left on base; Overland Park HS 1 - Newport News HS 0
BOTTOM OF THE 1ST
Newport News HS Paints batting - Pitching for Overland Park HS Triplets : LHP Geoff Weber
Pitching: LHP Geoff Weber
Batting: LHB Chris Martin 0-0: Ball
1-0: Foul Ball, location: 2F
1-1: Ball
2-1: Called Strike
2-2: Ball
3-2: Base on Balls
Pitching: RHP Don White
Batting: RHB James Calderón 0-0: Ball
1-0: Called Strike
1-1: Foul Ball, location: 2F
1-2: Ball
2-2: Ball
3-2: Base on Balls
Chris Martin to second
Batting: RHB Steve Cooper 0-0: Called Strike
0-1: Ball
1-1: Ball
2-1: SINGLE (Groundball, 6MD)
Chris Martin to third
James Calderón to second
Batting: RHB Pete Clark 0-0: Ball
1-0: Ball
2-0: Swinging Strike
2-1: Grounds into double play, 4-6-3 (Groundball, 4)
Chris Martin scores
James Calderón to third
Batting: SHB Carlos Matos 0-0: Ball
1-0: Ball
2-0: Ball
3-0: Base on Balls
Batting: RHB Todd McDaniel 0-0: Called Strike
0-1: Ground out 3-1 (Groundball, 34)
Bottom of the 1st over - 1 run, 1 hit, 0 errors, 2 left on base; Overland Park HS 1 - Newport News HS 1
TOP OF THE 2ND
Overland Park HS Triplets batting - Pitching for Newport News HS Paints : RHP Juan Flores
Batting: RHB Al Kelly 0-0: Ball
1-0: Swinging Strike
1-1: Called Strike
1-2: Foul Ball, location: 2F
1-2: Foul Ball, location: 2F
1-2: Strikes out swinging
Batting: SHB John Hansen 0-0: Ball
1-0: Ball
2-0: Swinging Strike
2-1: Foul Ball, location: 2F
2-2: Ball
3-2: Foul Ball, location: 2F
3-2: Strikes out swinging, 2-3 out at first.
Batting: RHB Paco Tapia 0-0: Ball
1-0: Ball
2-0: Ball
3-0: Called Strike
3-1: Swinging Strike
3-2: Base on Balls
Batting: LHB Esteban Pérez 0-0: Ball
1-0: Called Strike
Paco Tapia is caught stealing 2nd base
Top of the 2nd over - 0 runs, 0 hits, 0 errors, 0 left on base; Overland Park HS 1 - Newport News HS 1
BOTTOM OF THE 2ND
Newport News HS Paints batting - Pitching for Overland Park HS Triplets : RHP Don White
Batting: RHB Jorge Paredes 0-0: Foul Ball, location: 2F
0-1: Ball
1-1: Ball
2-1: Ball
3-1: Foul Ball, location: 2F
3-2: DOUBLE (Groundball, 5L)
Batting: RHB Lee Boswell 0-0: 2-RUN HOME RUN (Flyball, 7D), Distance : 395 ft
Batting: SHB Francisco Reyes 0-0: Called Strike
0-1: Ground out 3-1 (Groundball, 34)
Batting: LHB Chris Martin 0-0: Ball
1-0: Ball
2-0: Ball
3-0: Called Strike
3-1: Base on Balls
Pitching: RHP Clint Smith
Batting: RHB James Calderón 0-0: Called Strike
0-1: Foul Ball, location: 2F
0-2: Ball
1-2: Ball
2-2: Foul Ball, location: 2F
2-2: Ball
3-2: Foul Ball, location: 2F
3-2: Strikes out swinging
Batting: RHB Steve Cooper 0-0: SINGLE (Groundball, 56D)
Chris Martin to second
Batting: RHB Pete Clark 0-0: Ball
1-0: SINGLE (Groundball, 34S) (infield hit)
Chris Martin to third
Steve Cooper to second
Batting: SHB Carlos Matos 0-0: Ball
1-0: Foul Ball, location: 2F
1-1: Called Strike
1-2: Strikes out swinging
Bottom of the 2nd over - 2 runs, 4 hits, 0 errors, 3 left on base; Overland Park HS 1 - Newport News HS 3
TOP OF THE 3RD
Overland Park HS Triplets batting - Pitching for Newport News HS Paints : RHP Juan Flores
Batting: LHB Esteban Pérez 0-0: Ball
1-0: Ball
2-0: Called Strike
2-1: Ball
3-1: Ground out 5-3 (Groundball, 5)
Batting: LHB José Mendoza 0-0: Ball
1-0: Ball
2-0: Ball
3-0: Called Strike
3-1: Base on Balls
Batting: RHB Emery Cooper 0-0: Ball
José Mendoza is caught stealing 2nd base
1-0: Ball
2-0: Foul Ball, location: 2F
2-1: Ball
3-1: Foul Ball, location: 2F
3-2: Foul Ball, location: 2F
3-2: Base on Balls
Batting: RHB Alex Moran 0-0: Called Strike
0-1: Called Strike
0-2: Strikes out looking
Top of the 3rd over - 0 runs, 0 hits, 0 errors, 1 left on base; Overland Park HS 1 - Newport News HS 3
BOTTOM OF THE 3RD
Newport News HS Paints batting - Pitching for Overland Park HS Triplets : RHP Clint Smith
Batting: RHB Todd McDaniel 0-0: Ball
1-0: Foul Ball, location: 2F
1-1: Ball
2-1: Ground out 6-3 (Groundball, 6M)
Batting: RHB Jorge Paredes 0-0: Called Strike
0-1: Swinging Strike
0-2: Ball
1-2: SOLO HOME RUN (Flyball, 7D), Distance : 396 ft
Batting: RHB Lee Boswell 0-0: Ball
1-0: Ball
2-0: Ball
3-0: Ground out 5-3 (Groundball, 25)
Batting: SHB Francisco Reyes 0-0: Foul Ball, location: 2F
0-1: Ball
1-1: Fly out, F8 (Flyball, 8RD)
Bottom of the 3rd over - 1 run, 1 hit, 0 errors, 0 left on base; Overland Park HS 1 - Newport News HS 4
TOP OF THE 4TH
Overland Park HS Triplets batting - Pitching for Newport News HS Paints : RHP Juan Flores
Batting: RHB Pablo Quintanilla 0-0: Ball
1-0: Called Strike
1-1: Foul Ball, location: 2F
1-2: Foul Ball, location: 2F
1-2: Ground out 6-3 (Groundball, 6)
Batting: RHB Eddie Stanton 0-0: Ball
1-0: Foul Ball, location: 2F
1-1: Swinging Strike
1-2: Strikes out swinging
Batting: RHB Al Kelly 0-0: Called Strike
0-1: Ball
1-1: SINGLE (Groundball, 6MD)
Pitching: RHP Kenny Krieger
Batting: SHB John Hansen 0-0: Ball
1-0: Ball
2-0: Ball
3-0: Base on Balls
Al Kelly to second
Batting: RHB Paco Tapia 0-0: Called Strike
0-1: Called Strike
0-2: SINGLE (Line Drive, 56)
Al Kelly to third
John Hansen to second
Batting: LHB Esteban Pérez 0-0: Swinging Strike
0-1: Ball
1-1: Foul Ball, location: 2F
1-2: Foul Ball, location: 2F
1-2: Strikes out swinging
Top of the 4th over - 0 runs, 2 hits, 0 errors, 3 left on base; Overland Park HS 1 - Newport News HS 4
BOTTOM OF THE 4TH
Newport News HS Paints batting - Pitching for Overland Park HS Triplets : RHP Clint Smith
Batting: LHB Chris Martin 0-0: Called Strike
0-1: Ball
1-1: Foul Ball, location: 2F
1-2: Ball
2-2: Ball
3-2: Strikes out looking
Batting: RHB James Calderón 0-0: Foul Ball, location: 2F
0-1: Called Strike
0-2: Ball
1-2: Ball
2-2: Strikes out swinging
Batting: RHB Steve Cooper 0-0: Foul Ball, location: 2F
0-1: SINGLE (Line Drive, 6MD)
Batting: RHB Pete Clark 0-0: Swinging Strike
0-1: Ball
1-1: Ball
2-1: DOUBLE (Flyball, 8RD)
Steve Cooper to third
Batting: SHB Carlos Matos 0-0: Fly out, F9 (Flyball, 9LD)
Bottom of the 4th over - 0 runs, 2 hits, 0 errors, 2 left on base; Overland Park HS 1 - Newport News HS 4
TOP OF THE 5TH
Overland Park HS Triplets batting - Pitching for Newport News HS Paints : RHP Kenny Krieger
Batting: LHB José Mendoza 0-0: Fly out, F2 (Popup, 2LF)
Batting: RHB Emery Cooper 0-0: Called Strike
0-1: Ball
1-1: Foul Ball, location: 2F
1-2: Ball
2-2: Foul Ball, location: 2F
2-2: Foul Ball, location: 2F
2-2: Strikes out swinging
Batting: RHB Alex Moran 0-0: Ball
1-0: Ball
2-0: Swinging Strike
2-1: Foul Ball, location: 2F
2-2: Ball
3-2: Fly out, F8 (Flyball, 8RS)
Top of the 5th over - 0 runs, 0 hits, 0 errors, 0 left on base; Overland Park HS 1 - Newport News HS 4
BOTTOM OF THE 5TH
Newport News HS Paints batting - Pitching for Overland Park HS Triplets : RHP Clint Smith
Batting: RHB Todd McDaniel 0-0: Ground out 5-3 (Groundball, 56)
Batting: RHB Jorge Paredes 0-0: Called Strike
0-1: Swinging Strike
0-2: Foul Ball, location: 2F
0-2: Ball
1-2: Ball
2-2: Fly out, F8 (Flyball, 8LM)
Batting: RHB Lee Boswell 0-0: Ball
1-0: Foul Ball, location: 2F
1-1: Foul Ball, location: 2F
1-2: Ball
2-2: Fly out, F9 (Flyball, 89M)
Bottom of the 5th over - 0 runs, 0 hits, 0 errors, 0 left on base; Overland Park HS 1 - Newport News HS 4
TOP OF THE 6TH
Overland Park HS Triplets batting - Pitching for Newport News HS Paints : RHP Kenny Krieger
Batting: RHB Pablo Quintanilla 0-0: Foul Ball, location: 2F
0-1: Called Strike
0-2: Ball
1-2: Strikes out looking
Batting: RHB Eddie Stanton 0-0: Called Strike
0-1: Foul Ball, location: 2F
0-2: Ball
1-2: Ball
2-2: Strikes out swinging
Batting: RHB Al Kelly 0-0: Called Strike
0-1: Foul Ball, location: 2F
0-2: Ground out 4-3 (Groundball, 4)
Top of the 6th over - 0 runs, 0 hits, 0 errors, 0 left on base; Overland Park HS 1 - Newport News HS 4
BOTTOM OF THE 6TH
Newport News HS Paints batting - Pitching for Overland Park HS Triplets : RHP Clint Smith
Batting: SHB Francisco Reyes 0-0: Called Strike
0-1: Ball
1-1: Ball
2-1: Fly out, F9 (Flyball, 9LS)
Batting: LHB Chris Martin 0-0: Ball
1-0: Called Strike
1-1: Foul Ball, location: 2F
1-2: Ball
2-2: Ball
3-2: Foul Ball, location: 2F
3-2: SINGLE (Groundball, 4MD)
Pitching: LHP Mark Jacobs
Batting: RHB James Calderón 0-0: Ball
1-0: Called Strike
1-1: Called Strike
1-2: Ball
2-2: Strikes out swinging
Batting: RHB Steve Cooper 0-0: Called Strike
0-1: Ball
1-1: Foul Ball, location: 2F
1-2: Fly out, F4 (Line Drive, 4)
Bottom of the 6th over - 0 runs, 1 hit, 0 errors, 1 left on base; Overland Park HS 1 - Newport News HS 4
TOP OF THE 7TH
Overland Park HS Triplets batting - Pitching for Newport News HS Paints : RHP Kenny Krieger
Batting: SHB John Hansen 0-0: Called Strike
0-1: Ball
1-1: Ball
2-1: Foul Ball, location: 2F
2-2: Ball
3-2: Foul Ball, location: 2F
3-2: Strikes out swinging
Batting: RHB Paco Tapia 0-0: Ball
1-0: Foul Ball, location: 2F
1-1: Ground out 5-3 (Groundball, 5)
Batting: LHB Esteban Pérez 0-0: Ball
1-0: Ball
2-0: Foul Ball, location: 2F
2-1: Called Strike
2-2: Strikes out swinging
Top of the 7th over - 0 runs, 0 hits, 0 errors, 0 left on base; Overland Park HS 1 - Newport News HS 4
BOTTOM OF THE 7TH
Newport News HS Paints batting - Pitching for Overland Park HS Triplets : LHP Mark Jacobs
Batting: RHB Pete Clark 0-0: Ball
1-0: Foul Ball, location: 2F
1-1: Swinging Strike
1-2: Ball
2-2: Strikes out swinging
Batting: SHB Carlos Matos 0-0: Ball
1-0: Ball
2-0: Ball
3-0: Base on Balls
Batting: RHB Todd McDaniel 0-0: Called Strike
0-1: Called Strike
0-2: Foul Ball, location: 2F
0-2: Ball
1-2: Ball
2-2: Strikes out swinging
Batting: RHB Jorge Paredes 0-0: Called Strike
0-1: Swinging Strike
0-2: SINGLE (Line Drive, 7LS)
Carlos Matos to second
Batting: RHB Lee Boswell 0-0: Ball
1-0: Ball
2-0: Swinging Strike
2-1: Foul Ball, location: 2F
2-2: Ball
3-2: Base on Balls
Carlos Matos to third
Jorge Paredes to second
Batting: SHB Francisco Reyes 0-0: Called Strike
0-1: Ground out 4-3 (Groundball, 4)
Bottom of the 7th over - 0 runs, 1 hit, 0 errors, 3 left on base; Overland Park HS 1 - Newport News HS 4
TOP OF THE 8TH
Overland Park HS Triplets batting - Pitching for Newport News HS Paints : RHP Kenny Krieger
Batting: LHB José Mendoza 0-0: Called Strike
0-1: Fly out, F9 (Flyball, 9LD)
Batting: RHB Emery Cooper 0-0: Ball
1-0: Foul Ball, location: 2F
1-1: Called Strike
1-2: Ball
2-2: Foul Ball, location: 2F
2-2: Ball
3-2: Base on Balls
Pitching: LHP Jesús Quintana
Batting: RHB Alex Moran 0-0: Foul Ball, location: 2F
0-1: Swinging Strike
0-2: Ball
1-2: Foul Ball, location: 2F
1-2: Ball
2-2: Strikes out swinging
Batting: RHB Pablo Quintanilla 0-0: Ball
1-0: Ball
2-0: Swinging Strike
2-1: Ball
3-1: Base on Balls
Emery Cooper to second
Batting: RHB Eddie Stanton 0-0: Foul Ball, location: 2F
0-1: Called Strike
0-2: Ball
1-2: Ball
2-2: Foul Ball, location: 2F
2-2: Ball
3-2: Foul Ball, location: 2F
3-2: Strikes out looking
Top of the 8th over - 0 runs, 0 hits, 0 errors, 2 left on base; Overland Park HS 1 - Newport News HS 4
BOTTOM OF THE 8TH
Newport News HS Paints batting - Pitching for Overland Park HS Triplets : LHP Mark Jacobs
Pitching: RHP Richard Jones
Batting: LHB Chris Martin 0-0: Ball
1-0: Ball
2-0: Called Strike
2-1: Called Strike
2-2: Foul Ball, location: 2F
2-2: Strikes out swinging
Batting: RHB James Calderón 0-0: Ball
1-0: Called Strike
1-1: Swinging Strike
1-2: Ball
2-2: Strikes out swinging
Batting: RHB Steve Cooper 0-0: Called Strike
0-1: Fly out, F4 (Line Drive, 4)
Bottom of the 8th over - 0 runs, 0 hits, 0 errors, 0 left on base; Overland Park HS 1 - Newport News HS 4
TOP OF THE 9TH
Overland Park HS Triplets batting - Pitching for Newport News HS Paints : LHP Jesús Quintana
Batting: RHB Al Kelly 0-0: Called Strike
0-1: Ground out 6-3 (Groundball, 6)
Batting: SHB John Hansen 0-0: Ball
1-0: Called Strike
1-1: Called Strike
1-2: Ball
2-2: Ground out 4-3 (Groundball, 34)
Batting: RHB Paco Tapia 0-0: Ball
1-0: Fly out, F7 (Flyball, 7LDF)
Top of the 9th over - 0 runs, 0 hits, 0 errors, 0 left on base; Overland Park HS 1 - Newport News HS 4
Saturday, December 16th, 2017 - OOTP Baseball 18.8 Build 76